 Dungeon Crawl Stone Soup version 0.25.0-26-g0c896c7088 (webtiles) character file.

Game seed: 2687556120530703254

210327 protoss039 the Sorcerer (level 18, -3/139 HPs)
             Began as a Deep Elf Earth Elementalist on June 30, 2020.
             Was the Champion of Vehumet.
             Killed by divine providence
             ... invoked by Saint Roka
              (14 damage)
             ... on level 2 of the Vaults on July 1, 2020.
             The game lasted 03:36:43 (50131 turns).

protoss039 the Sorcerer (DEEE)                     Turns: 50131, Time: 03:36:43

Health: -3/139     AC: 34    Str:  5    XL:     18   Next: 18%
Magic:  4/48       EV: 13    Int: 29    God:    Vehumet [******]
Gold:   2871       SH:  0    Dex: 15    Spells: 13/66 levels left

rFire    . . .     SeeInvis .   s - +4 rapier (elec)
rCold    . . .     Gourm    .   (no shield)
rNeg     + . .     Faith    .   (armour currently unavailable)
rPois    ∞         Spirit   .   U - +0 helmet
rElec    +         Reflect  .   C - +1 cloak
rCorr    .         Harm     .   (gloves currently unavailable)
MR       +++..                  (boots currently unavailable)
Stlth    ++........             p - amulet of regeneration
HPRegen  0.73/turn              z - ring of protection from magic
MPRegen  0.31/turn              O - ring of protection from magic

@: statue-form, very slightly contaminated, studying Conjurations, very slow
A: no striking features
}: 1/15 runes: serpentine
a: End Transformation, Renounce Religion


You were on level 2 of the Vaults.
You worshipped Vehumet.
Vehumet was exalted by your worship.
You were not hungry.
You were a stone statue.
You visited 7 branches of the dungeon, and saw 31 of its levels.
You visited 1 bazaar.
You also visited: Ossuary, Bailey and Volcano.

You collected 5764 gold pieces.
You spent 2893 gold pieces at shops.

Inventory:

Hand Weapons
 s - a +4 rapier of electrocution (weapon)
Missiles
 b - 553 stones (quivered)
Armour
 u - +0 steam dragon scales (melded)
 C - a +1 cloak (worn)
 T - a +0 pair of boots (melded)
 U - a +0 helmet (worn)
 Z - a +1 pair of gloves of dexterity (melded)
Jewellery
 o - a +6 ring of intelligence
 p - an amulet of regeneration (around neck)
 r - an uncursed amulet of faith {unknown}
 z - a ring of protection from magic (left hand)
 E - an uncursed ring of flight
 M - an uncursed ring of protection from fire
 O - a ring of protection from magic (right hand)
 W - an uncursed ring of see invisible
Wands
 n - a wand of acid (10)
 A - a wand of clouds (7)
 B - a wand of iceblast (39)
 D - a wand of flame (41)
 R - a wand of digging (9)
 X - a wand of disintegration (50)
Scrolls
 c - 8 scrolls of amnesia
 j - 2 scrolls of fog
 k - 16 scrolls of teleportation
 l - 4 scrolls of blinking
 m - 20 scrolls of remove curse
 v - 3 scrolls of enchant armour
 F - 6 scrolls of enchant weapon
 H - 2 scrolls of fear
 J - a scroll of summoning
 K - 3 scrolls of brand weapon
Potions
 a - 2 potions of might
 e - 2 potions of magic
 f - 5 potions of curing
 g - 6 potions of brilliance
 i - a potion of heal wounds
 q - 3 potions of lignification
 t - 4 potions of flight
 x - 9 potions of mutation
 G - a potion of ambrosia
 I - 2 potions of resistance
 N - a potion of haste
 P - 2 potions of stabbing
 Q - 4 potions of cancellation
 Y - 2 potions of berserk rage
Books
 h - a manual of Conjurations
Comestibles
 d - 37 rations


   Skills:
 - Level 10.0 Fighting
 - Level 1.0 Short Blades
 - Level 2.8 Armour
 - Level 2.4 Dodging
 - Level 2.4 Stealth
 + Level 24.7 Spellcasting
 - Level 5.2 Conjurations
 - Level 10.0 Transmutations
 - Level 21.0 Earth Magic
 - Level 1.0 Evocations


You had 13 spell levels left.
You knew the following spells:

 Your Spells              Type           Power        Failure   Level  Hunger
a - Sandblast             Erth           ######       0%          1    None
b - Passwall              Tmut/Erth      #######.     0%          2    None
c - Stone Arrow           Conj/Erth      ######       0%          3    None
d - Petrify               Tmut/Erth      #######.     0%          4    None
e - Lee's Rapid Deconstr  Erth           ########..   0%          5    None
f - Lehudib's Crystal Sp  Conj/Erth      #######...   7%          8    ####...
g - Iron Shot             Conj/Erth      #######...   1%          6    None
h - Statue Form           Tmut/Erth      #######..    1%          6    None
i - Shatter               Erth           ########..   4%          9    #####..
j - Fire Storm            Conj/Fire      ######....   100%        9    #####..

Your spell library contained the following spells:

 Spells                   Type           Power        Failure   Level  Hunger
 Ignition                 Fire           #####.....   100%        8    ####...
 Freeze                   Ice            ####         1%          1    None
 Magic Dart               Conj           ####         1%          1    None
 Summon Small Mammal      Summ           ####         1%          1    None
 Blink                    Tloc           N/A          1%          2    None
 Call Imp                 Summ           #####...     1%          2    None
 Slow                     Hex            #####...     1%          2    None
 Conjure Flame            Conj/Fire      ######..     1%          3    None
 Frozen Ramparts          Ice            #####.       1%          3    None
 Mephitic Cloud           Conj/Pois/Air  #####...     1%          3    None
 Hailstorm                Conj/Ice       ######..     1%          4    None
 Leda's Liquefaction      Hex/Erth       #######...   1%          4    None
 Bolt of Magma            Conj/Fire/Erth ######....   1%          5    None
 Call Canine Familiar     Summ           #####...     2%          3    None
 Ozocubu's Armour         Chrm/Ice       #####...     2%          3    None
 Portal Projectile        Hex/Tloc       #####.       2%          3    None
 Summon Guardian Golem    Hex/Summ       #####...     2%          3    None
 Teleport Other           Tloc           #####...     2%          3    None
 Iskenderun's Battlesphe  Conj/Chrm      ######..     2%          5    None
 Summon Ice Beast         Ice/Summ       #####...     9%          4    None
 Summon Lightning Spire   Summ/Air       #####...     9%          4    None
 Conjure Ball Lightning   Conj/Air       ######....   12%         6    None
 Orb of Destruction       Conj           ######....   21%         7    None
 Silence                  Hex/Air        #####.....   22%         5    None
 Spellforged Servitor     Conj/Summ      ######....   50%         7    None
 Controlled Blink         Tloc           N/A          100%        8    ####...
 Tornado                  Air            #####.....   100%        9    #####..


Dungeon Overview and Level Annotations

Branches:
Dungeon (15/15)            Temple (1/1) D:6            Lair (6/6) D:9
  Swamp (1/4) Lair:4        Snake (4/4) Lair:4        Slime (0/5) Lair:6
    Orc (2/2) D:12            Elf (0/3) Orc:2        Vaults (2/5) D:13
 Depths (0/5) D:15        Ossuary (visited)          Bailey (visited)
Volcano (visited)
  Crypt: Vaults:2-3

Altars:
Ashenzari
Cheibriados
Dithmenos
Elyvilon
Fedhas
Gozag
Hepliaklqana
Kikubaaqudgha
Makhleb
Nemelex Xobeh
Okawaru
Qazlal
Ru
Sif Muna
Trog
Uskayaw
Vehumet
Wu Jian
Xom
Yredelemnul
Zin
The Shining One
Beogh
Jiyva

Shops:
D:5 ?   Orc:2 [**   Snake:3 =}}   Vaults:1 }

Annotations:
D:3 1 exclusion
D:4 Pikel
D:6 3 runed translucent doors, IHuginn's ghost, novice FeBe; IHuginn's ghost, novice FoFi; protoss039's ghost, novice DEEE
D:10 1 exclusion
D:12 1 exclusion
D:13 1 exclusion
D:14 Jorgrun
Lair:4 1 runed translucent door, Wufetuma's ghost, journeyman MiMo
Lair:6 exclusion: 2 oklob plants
Snake:3 2 exclusions
Snake:4 3 runed translucent doors, p0werm0de's ghost, adept DDFi
Vaults:1 1 exclusion
Vaults:2 Bai Suzhen; Saint Roka


Message History

Blink to where?
Press: ? - help, Dir - move target cursor, p - skeletal warrior
Okay, then.
Blink to where?
Press: ? - help, Dir - move target cursor, p - skeletal warrior
Okay, then.
Press: ? - help, v - describe, . - travel Some shallow water.
Blink to where?
Press: ? - help, Dir - move target cursor, p - skeletal warrior You are very lightly contaminated with residual magic.
As you read the scroll of blinking, it crumbles to dust.
Saint Roka invokes the aid of Beogh against you.
Beogh smites you!
* * * LOW HITPOINT WARNING * * *
Unknown command.
Unknown command.
Saint Roka invokes the aid of Beogh against you.
Beogh smites you!
You die...

*****##* *,,,,..########
*,,,,,.'......#####
*,,,,,,#.....≈≈≈≈≈##
*,,,,,,#....≈≈≈≈≈≈≈#
*,,,,,,#....≈≈8∩>≈≈#
*,,,,,,#....≈≈≈≈≈≈≈#####
*,>,,,,#.....≈≈≈≈zz....#
*,,,,,,#...o))###z...^.#
*,,,,,,###'##)###......#
*,,,,,,*#.o...[.#......#
********#.....oz#......#
#.......#......#
#.......)......#


You could see Saint Roka, 3 skeletal warriors and an orc warrior.

Vanquished Creatures
  Vashnia (Snake:3)
  Nikola (Snake:3)
  A sphinx (Vaults:2)
  8 nagarajas
  An orc warlord (Bailey)
  A vault warden (Vaults:2)
  Aizul (Snake:2)
  3 ironheart preservers
  Nessos (D:13)
  A dire elephant (Lair:6)
  A fire dragon (D:14)
  5 vault guards
  3 catoblepae
  4 ogre magi
  17 naga warriors
  6 hydras
  11 centaur warriors
  Erica (D:8)
  12 two-headed ogres
  An alligator (Swamp:1)
  A death knight (Vaults:1)
  2 anacondas
  2 deep troll shamans
  4 death yaks (Lair:6)
  2 orc high priests
  2 shock serpents
  16 naga sharpshooters
  A sun demon (Volcano)
  Nergalle (D:11)
  A hell knight (Volcano)
  A salamander mystic (Snake:3)
  2 flayed ghosts
  A skeletal warrior (Vaults:2)
  4 unseen horrors
  4 deep trolls (Vaults:1)
  8 naga ritualists
  2 ironbrand convokers (Vaults:1)
  An entropy weaver zombie (Vaults:1)
  2 wizards (D:15)
  A deep elf mage (D:15)
  2 necromancers
  5 orc knights
  10 mana vipers
  A phantasmal warrior (Vaults:1)
  7 orc sorcerers
  6 salamanders
  37 ugly things
  A cyclops (shapeshifter) (Vaults:2)
  8 cyclopes
  3 manticores
  4 elephants (Lair:6)
  4 guardian serpents
  4 vault sentinels
  Joseph (D:7)
  32 black mambas
  2 gargoyles
  2 molten gargoyles (Volcano)
  14 spiny frogs
  19 naga magi
  2 human zombies (Vaults:1)
  2 rime drakes
  Maggie (D:7)
  A kobold demonologist (D:14)
  8 komodo dragons
  2 freezing wraiths
  A yaktaur (D:15)
  A red devil (Volcano)
  4 trolls
  A harpy zombie (D:15)
  2 queen bees
  11 hippogriffs
  A hornet (D:13)
  A harpy skeleton (D:14)
  2 wolf spider simulacra
  13 blink frogs
  26 slime creatures
  A frost giant simulacrum (Vaults:1)
  2 meliai zombies
  A centaur simulacrum (D:15)
  3 vampires
  A shadow (D:13)
  A wyvern (D:9)
  44 yaks
  4 basilisks
  3 wraiths
  4 hogs (D:7)
  A human (D:7)
  Eustachio (D:6)
  2 fire bats (Volcano)
  3 hungry ghosts
  2 vampire mosquitoes (Swamp:1)
  6 wargs
  46 nagas
  7 swamp worms
  A hell hound (Volcano)
  A soldier ant (shapeshifter) (Vaults:2)
  9 porcupines
  An acid dragon (D:13)
  4 water moccasins
  30 orc warriors
  6 black bears
  8 sky beasts
  An eye of draining (D:11)
  4 ice beasts
  2 phantoms
  24 ogres
  10 wolves
  A centaur (shapeshifter) (Vaults:2)
  18 centaurs
  A human skeleton (Vaults:1)
  4 big kobolds
  11 crocodiles
  15 bullfrogs
  A wyvern zombie (D:15)
  6 earth elementals (D:14)
  A glowing shapeshifter simulacrum (Vaults:1)
  A wyvern skeleton (D:13)
  A yaktaur skeleton (Vaults:1)
  4 scorpions
  61 killer bees
  15 wights
  The ghost of Esekla the Grave Robber, a weakling BaNe (D:3)
  3 electric eels
  8 crimson imps
  A bullfrog zombie (D:12)
  A quasit (D:11)
  15 lava snakes
  4 centaur zombies
  An iron imp (D:7)
  7 hounds
  4 jellies
  38 orc wizards
  22 orc priests
  4 bullfrog skeletons
  11 centaur skeletons
  4 iguanas
  17 worker ants
  6 hell rats
  2 hound skeletons
  13 mummies (Ossuary)
  A howler monkey zombie (D:8)
  3 gnolls
  14 adders
  11 shadow imps
  8 oozes
  3 adder skeletons
  An adder zombie (D:7)
  A worm (D:2)
  7 leopard geckos
  107 orcs
  2 ball pythons (Snake:1)
  6 giant cockroaches
  8 goblins
  10 hobgoblins
  6 jackals
  40 kobolds
  3 quokkas
  7 bats
  8 frilled lizards
  2 gnoll skeletons (Ossuary)
  2 goblin skeletons
  2 goblin zombies (D:7)
  2 hobgoblin zombies (D:7)
  2 kobold skeletons
  A kobold zombie (D:7)
  A leopard gecko skeleton (D:5)
  5 orc skeletons
  An orc zombie (D:7)
  A quokka skeleton (D:4)
  8 rats
  11 rat skeletons (Ossuary)
  2 plants
1200 creatures vanquished.

Vanquished Creatures (others)
  An ice dragon (Vaults:2)
  A two-headed ogre (Vaults:2)
  A bush (Lair:6)
  3 fungi
  16 plants
  11 toadstools (D:3)
  3 withered plants (D:6)
36 creatures vanquished.

Grand Total: 1236 creatures vanquished

Notes
Turn   | Place    | Note
-------+----------+-------------------------------------------
     0 | D:1      | protoss039 the Deep Elf Earth Elementalist began the quest
                  | for the Orb.
     0 | D:1      | Reached XP level 1. HP: 10/10 MP: 6/6
   943 | D:1      | Reached XP level 2. HP: 5/15 MP: 6/8
  1742 | D:2      | Found an ancient bone altar of Kikubaaqudgha.
  1784 | D:2      | Reached skill level 1 in Armour
  1784 | D:2      | Reached XP level 3. HP: 19/19 MP: 6/10
  2229 | D:2      | Reached skill level 4 in Spellcasting
  2608 | D:2      | Reached XP level 4. HP: 20/24 MP: 12/12
  2821 | D:3      | Learned a level 2 spell: Passwall
  2825 | D:3      | Learned a level 3 spell: Stone Arrow
  3182 | D:3      | Found a stormy altar of Qazlal.
  3423 | D:3      | Reached XP level 5. HP: 28/28 MP: 9/14
  3436 | D:3      | Reached skill level 5 in Spellcasting
  3436 | D:3      | Reached skill level 5 in Earth Magic
  3938 | D:3      | Noticed an ogre
  3943 | D:3      | Killed an ogre
  3943 | D:3      | Reached XP level 6. HP: 32/32 MP: 12/16
  3994 | D:3      | Found a runed translucent door.
  4329 | D:3      | Noticed Esekla's ghost (weakling BaNe)
  4342 | D:3      | Killed Esekla's ghost
  4342 | D:3      | Reached skill level 6 in Spellcasting
  4798 | D:4      | Reached XP level 7. HP: 33/36 MP: 11/19
  5241 | D:4      | Noticed Pikel
  5260 | D:4      | Reached skill level 7 in Spellcasting
  5398 | D:4      | Learned a level 4 spell: Petrify
  5404 | D:4      | Learned a level 5 spell: Lee's Rapid Deconstruction
  5755 | D:5      | Entered Level 5 of the Dungeon
  6007 | D:5      | You fall into a shaft and drop 2 floors!
  6037 | D:7      | Noticed a hog
  6037 | D:7      | Noticed a hog
  6037 | D:7      | Noticed a human
  6037 | D:7      | Noticed a hog
  6044 | D:7      | Killed a human
  6044 | D:7      | Reached skill level 8 in Spellcasting
  6083 | D:7      | Reached XP level 8. HP: 41/41 MP: 18/22
  6251 | D:7      | Reached skill level 9 in Spellcasting
  6276 | D:6      | Reached skill level 1 in Conjurations
  6584 | D:5      | Found Nuisoo's Magic Scroll Boutique.
  6625 | D:5      | Bought a scroll of identify for 30 gold pieces
  6625 | D:5      | Bought a scroll of identify for 30 gold pieces
  6656 | D:5      | Reached skill level 10 in Spellcasting
  7118 | D:5      | Reached XP level 9. HP: 45/45 MP: 16/25
  7409 | D:5      | Found a shimmering blue altar of Sif Muna.
  7670 | D:6      | Found a runed translucent gate.
  7670 | D:6      | Found a runed translucent gate.
  7672 | D:6      | Found a runed translucent gate.
  7674 | D:6      | Noticed IHuginn's ghost (novice FoFi)
  7674 | D:6      | Noticed protoss039's ghost (novice DEEE)
  7675 | D:6      | Noticed IHuginn's ghost (novice FeBe)
  8003 | D:6      | Noticed Eustachio
  8022 | D:6      | Killed Eustachio
  8022 | D:6      | Reached skill level 11 in Spellcasting
  8022 | D:6      | Reached skill level 10 in Earth Magic
  8488 | D:6      | Found a staircase to the Ecumenical Temple.
  8585 | Temple   | Entered the Ecumenical Temple
  8594 | Temple   | Became a worshipper of Vehumet
  9035 | D:7      | Noticed Maggie
  9052 | D:7      | Killed Maggie
  9064 | D:7      | Reached skill level 12 in Spellcasting
  9635 | D:7      | Found a glowing golden altar of the Shining One.
  9636 | D:7      | Reached * piety under Vehumet
  9636 | D:7      | Offered knowledge of Foxfire by Vehumet.
  9929 | D:7      | Noticed Joseph
  9937 | D:7      | Killed Joseph
  9937 | D:7      | Reached skill level 1 in Short Blades
  9937 | D:7      | Reached XP level 10. HP: 50/50 MP: 8/28
 10275 | D:8      | Found a sand-covered staircase.
 10362 | Ossuary  | Entered an ossuary
 10727 | Ossuary  | Reached ** piety under Vehumet
 10744 | Ossuary  | Offered knowledge of Shock by Vehumet.
 10858 | D:8      | Noticed Erica
 10862 | D:8      | Killed Erica
 10862 | D:8      | Reached skill level 13 in Spellcasting
 10913 | D:8      | Found a flagged portal.
 10942 | Bailey   | Entered a bailey
 10997 | Bailey   | Found a runed translucent gate.
 11000 | Bailey   | Offered knowledge of Ignite Poison by Vehumet.
 11017 | Bailey   | Found a runed translucent gate.
 11018 | Bailey   | Found a runed translucent gate.
 11205 | Bailey   | Noticed an orc warlord
 11334 | Bailey   | Killed an orc warlord
 11334 | Bailey   | Reached skill level 14 in Spellcasting
 11530 | D:8      | Reached *** piety under Vehumet
 11712 | D:8      | Offered knowledge of Olgreb's Toxic Radiance by Vehumet.
 12571 | D:8      | Found a glowing golden altar of the Shining One.
 13212 | D:9      | Reached XP level 11. HP: 51/54 MP: 13/31
 13431 | D:9      | Found a burning altar of Makhleb.
 13525 | D:9      | Reached **** piety under Vehumet
 13587 | D:9      | Found a staircase to the Lair.
 13607 | D:9      | Learned a level 3 spell: Ozocubu's Armour
 13614 | D:9      | Learned a level 6 spell: Iron Shot
 13983 | D:9      | Offered knowledge of Airstrike by Vehumet.
 14382 | D:10     | Entered Level 10 of the Dungeon
 14534 | D:10     | Killed an unseen horror
 14836 | D:10     | Reached skill level 15 in Spellcasting
 15095 | D:10     | Reached ***** piety under Vehumet
 15421 | D:10     | Offered knowledge of Fireball by Vehumet.
 16514 | D:11     | Noticed a two-headed ogre
 16657 | D:11     | Reached skill level 16 in Spellcasting
 17152 | D:11     | Noticed a red ugly thing
 17158 | D:11     | Killed a red ugly thing
 17269 | D:11     | Noticed Nergalle
 17275 | D:11     | Killed Nergalle
 17275 | D:11     | Reached XP level 12. HP: 54/59 MP: 14/34
 18011 | D:11     | Offered knowledge of Iskenderun's Mystic Blast by Vehumet.
 18012 | D:11     | Noticed a two-headed ogre
 18019 | D:11     | Killed a two-headed ogre
 18019 | D:11     | Reached skill level 17 in Spellcasting
 18301 | D:11     | Killed a two-headed ogre
 18797 | D:11     | Reached skill level 5 in Conjurations
 19281 | D:12     | Found a roughly hewn altar of Beogh.
 19281 | D:12     | Found a staircase to the Orcish Mines.
 19330 | D:12     | Reached skill level 15 in Earth Magic
 19716 | D:12     | Identified Veafamp's Reference Book on Displacement
 19843 | D:12     | Reached skill level 18 in Spellcasting
 20444 | D:13     | Noticed a centaur warrior
 20447 | D:13     | Noticed a two-headed ogre
 20451 | D:13     | Killed a centaur warrior
 20455 | D:13     | Killed a two-headed ogre
 20457 | D:13     | Noticed a centaur warrior
 20468 | D:13     | Killed a centaur warrior
 20468 | D:13     | Offered knowledge of Conjure Ball Lightning by Vehumet.
 20713 | D:12     | Identified 2 scrolls of acquirement
 20722 | D:12     | Learned a level 6 spell: Statue Form
 20733 | D:12     | Learned a level 9 spell: Shatter
 20862 | D:5      | Bought 2 scrolls of teleportation for 90 gold pieces
 20862 | D:5      | Bought a scroll of blinking for 112 gold pieces
 20862 | D:5      | Bought a scroll of teleportation for 45 gold pieces
 20862 | D:5      | Bought a scroll of remove curse for 45 gold pieces
 20862 | D:5      | Bought a scroll of fear for 52 gold pieces
 20989 | D:13     | Noticed Nessos
 20992 | D:13     | Killed Nessos
 20992 | D:13     | Reached skill level 1 in Fighting
 20992 | D:13     | Reached XP level 13. HP: 64/64 MP: 20/37
 21446 | D:13     | Reached skill level 5 in Transmutations
 21519 | D:13     | Found a gate to the Vaults.
 22945 | D:13     | Got a heavily runed chain mail
 22956 | D:13     | Identified the cursed +1 chain mail of Vicrete {+Blink}
                  | (You found it on level 13 of the Dungeon)
 23169 | D:14     | Reached skill level 5 in Fighting
 23495 | D:14     | Noticed Jorgrun
 23887 | D:14     | Noticed a fire dragon
 23901 | D:14     | Killed a fire dragon
 23907 | D:14     | Offered knowledge of Starburst by Vehumet.
 24300 | D:14     | Reached XP level 14. HP: 80/80 MP: 27/38
 24836 | D:15     | Entered Level 15 of the Dungeon
 25390 | D:15     | Reached skill level 10 in Transmutations
 26720 | D:15     | Found a staircase to the Depths.
 27070 | Lair:1   | Entered Level 1 of the Lair of Beasts
 27673 | Lair:1   | Reached skill level 10 in Fighting
 27756 | Lair:1   | You fall into a shaft and drop 1 floor!
 28045 | Lair:2   | Reached skill level 1 in Evocations
 29277 | Lair:3   | Found a dark tunnel.
 29284 | Volcano  | Entered a volcano
 29648 | Volcano  | Found a radiant altar of Vehumet.
 29907 | Lair:3   | Offered knowledge of Freezing Cloud by Vehumet.
 31099 | Lair:4   | Reached XP level 15. HP: 92/92 MP: 29/39
 31293 | Lair:4   | Reached skill level 19 in Spellcasting
 32212 | Lair:4   | You fall into a shaft and drop 2 floors!
 32212 | Lair:6   | Entered Level 6 of the Lair of Beasts
 33447 | Lair:6   | Found a staircase to the Slime Pits.
 33448 | Lair:6   | Found a viscous altar of Jiyva.
 34750 | Orc:1    | Entered Level 1 of the Orcish Mines
 35409 | Orc:2    | Entered Level 2 of the Orcish Mines
 36050 | Orc:2    | Found a staircase to the Elven Halls.
 36336 | Orc:2    | Offered knowledge of Irradiate by Vehumet.
 36599 | Orc:2    | Reached skill level 20 in Spellcasting
 36861 | Orc:2    | Found Ywienocics's Food Shoppe.
 36861 | Orc:2    | Found Teselin's Armour Emporium.
 36861 | Orc:2    | Found Rootosk's Assorted Antiques.
 36864 | Orc:2    | Found Gybu's General Store.
 36876 | Orc:2    | Bought a scroll of identify for 68 gold pieces
 36876 | Orc:2    | Bought a scroll labeled TOR VALAOFREOGY for 34 gold pieces
 36876 | Orc:2    | Bought a potion of lignification for 102 gold pieces
 36877 | Orc:2    | Bought a scroll of identify for 28 gold pieces
 36877 | Orc:2    | Bought a potion of mutation for 112 gold pieces
 36878 | Orc:2    | Bought a ration for 55 gold pieces
 36878 | Orc:2    | Bought a ration for 55 gold pieces
 36878 | Orc:2    | Bought a ration for 55 gold pieces
 36878 | Orc:2    | Bought a ration for 55 gold pieces
 36878 | Orc:2    | Bought a ration for 55 gold pieces
 36878 | Orc:2    | Bought a ration for 55 gold pieces
 36878 | Orc:2    | Bought a ration for 55 gold pieces
 37314 | Lair:4   | Found a staircase to the Swamp.
 37709 | Lair:4   | You fall into a shaft and drop 2 floors!
 37735 | Lair:4   | Found a runed translucent door.
 37762 | Lair:4   | Found a staircase to the Snake Pit.
 37876 | Lair:4   | Noticed Wufetuma's ghost (journeyman MiMo)
 37938 | Swamp:1  | Entered Level 1 of the Swamp
 38034 | Swamp:1  | Noticed a thorn hunter
 38198 | Snake:1  | Entered Level 1 of the Snake Pit
 39047 | Lair:3   | Reached XP level 16. HP: 52/97 MP: 6/42
 39253 | Lair:4   | Learned a level 5 spell: Irradiate
 40635 | Snake:2  | You fall into a shaft and drop 1 floor!
 40664 | Snake:3  | Noticed Nikola
 40670 | Snake:3  | Killed Nikola
 40670 | Snake:3  | Offered knowledge of Chain Lightning by Vehumet.
 41938 | Snake:3  | Reached skill level 21 in Spellcasting
 41984 | Snake:3  | Noticed Vashnia
 43286 | Snake:2  | You fall into a shaft and drop 1 floor!
 43295 | Snake:3  | Noticed Aizul
 43313 | Snake:3  | Found Ufenatt's Gadget Boutique.
 43314 | Snake:3  | Found Banuan's Jewellery Emporium.
 43315 | Snake:3  | Found Pegyhyn's Gadget Boutique.
 44443 | Snake:4  | Entered Level 4 of the Snake Pit
 44639 | Snake:4  | Got an ichor-stained scimitar
 44640 | Snake:4  | Identified the cursed +0 scimitar "Exkiuneb" {freeze, +Fly
                  | rElec rPois MR-} (You found it on level 4 of the Snake Pit)
 44907 | Snake:4  | Found a snail-covered altar of Cheibriados.
 44953 | Snake:4  | Found a runed translucent gate.
 44953 | Snake:4  | Found a runed translucent gate.
 44954 | Snake:4  | Found a runed translucent gate.
 44954 | Snake:4  | Noticed p0werm0de's ghost (adept DDFi)
 45517 | Snake:2  | Killed Aizul
 45640 | Snake:3  | Killed Vashnia
 45781 | Snake:4  | Reached skill level 22 in Spellcasting
 45879 | Snake:4  | Reached XP level 17. HP: 102/102 MP: 4/45
 46515 | Snake:4  | Reached skill level 23 in Spellcasting
 47159 | Snake:4  | Got a serpentine rune of Zot
 47456 | Vaults:1 | Entered Level 1 of the Vaults
 47898 | Vaults:1 | Found Kaeh's Gadget Shop.
 47906 | Vaults:1 | Bought a wand of digging (6) for 340 gold pieces
 48063 | Vaults:1 | Reached skill level 24 in Spellcasting
 48063 | Vaults:1 | Reached ****** piety under Vehumet
 48065 | Vaults:1 | Offered knowledge of Lehudib's Crystal Spear by Vehumet.
 48065 | Vaults:1 | Offered knowledge of Fire Storm by Vehumet.
 48065 | Vaults:1 | Offered knowledge of Ignition by Vehumet.
 48109 | Vaults:1 | Learned a level 8 spell: Lehudib's Crystal Spear
 49233 | Vaults:1 | Identified the +3 great sword "Tiewutev" {vorpal, rF+ rN+
                  | Dex+3}
 49594 | Vaults:1 | Learned a level 9 spell: Fire Storm
 49653 | Vaults:2 | Reached XP level 18. HP: 107/107 MP: 33/48
 49822 | Vaults:2 | Noticed Bai Suzhen
 49871 | Vaults:2 | Found a flickering gateway to a bazaar.
 49893 | Bazaar   | Entered a bazaar
 49893 | Bazaar   | Found Gyphim Fafit's Antique Weapon Shoppe.
 49893 | Bazaar   | Found Esyrovay's Assorted Antiques.
 49893 | Bazaar   | Found Toytt's Antique Weapon Shoppe.
 49893 | Bazaar   | Found Weupuly's Distillery.
 49895 | Bazaar   | Found Jyituom's Book Emporium.
 49897 | Bazaar   | Bought a scroll of identify for 24 gold pieces
 49897 | Bazaar   | Bought a potion of flight for 36 gold pieces
 49897 | Bazaar   | Bought a potion of haste for 120 gold pieces
 49937 | Bazaar   | Bought a book of the Sky for 650 gold pieces
 49951 | Bazaar   | Bought a potion of mutation for 80 gold pieces
 49951 | Bazaar   | Bought a potion of brilliance for 40 gold pieces
 49951 | Bazaar   | Bought a potion of berserk rage for 50 gold pieces
 49951 | Bazaar   | Bought a potion of magic for 80 gold pieces
 49951 | Bazaar   | Bought a potion of curing for 30 gold pieces
 49951 | Bazaar   | Bought a potion of curing for 30 gold pieces
 49951 | Bazaar   | Bought a potion of heal wounds for 50 gold pieces
 49951 | Bazaar   | Bought a potion of mutation for 80 gold pieces
 49951 | Bazaar   | Bought a potion of might for 40 gold pieces
 49951 | Bazaar   | Bought a potion of mutation for 80 gold pieces
 49951 | Bazaar   | Bought a potion of lignification for 30 gold pieces
 50129 | Vaults:2 | Noticed Saint Roka
 50131 | Vaults:2 | Killed from afar by Saint Roka

Illustrated notes

Levels and vault maps discovered:
D:1:      dpeg_chamrin_arrival_tetris, layout_loops_ring, roderic_st_hans_cross
D:2:      layout_basic, lemuel_crystal_altar
D:3:      cheibrodos_fertilizer, layout_basic, ebering_ghost_sewer_d,
          grunt_qazlal_sundering
D:4:      layout_basic, uniq_pikel
D:5:      minmay_octagon_keep, layout_basic, first_ration, serial_shops, shop,
          led_sif_pool
D:6:      layout_cave_pods, minmay_temple_entry_enclosed_plants,
          gammafunk_ghost_cemetery, uniq_eustachio
D:7:      layout_basic, grunt_livestock, hangedman_abyss_or_decor_stabs,
          nicolae_tso_besieged_by_evil, uniq_maggie, uniq_joseph
D:8:      layout_layer_cave, nicolae_ossuary_entry_monument, enter_bailey_3,
          basic_altar, minmay_splitting_lines, minmay_puff, uniq_erica
D:9:      minmay_the_grid_four_pointed_star_mashed
          [minmay_the_grid_triangle_9x9_descending_squares,
          minmay_the_grid_triangle_9x9_shrine,
          minmay_the_grid_triangle_9x9_sparse_checkered,
          minmay_the_grid_triangle_9x9_limited_checkers,
          minmay_the_grid_prize_big_room], layout_basic, grunt_decor_resistance
D:10:     layout_loops_ring, minivault_7
D:11:     regret_index_bee_streams, layout_basic, uniq_nergalle
D:12:     layout_loops_ring, david_orc_5
D:13:     layout_loops_corners, lightli_vaults_fourway_checkpoint, uniq_nessos
D:14:     layout_loops_ring, nicolae_wwwww, hangedman_cracks_in_the_wall,
          uniq_jorgrun
D:15:     grunt_enter_depths_magical_seal, layout_irregular_city,
          small_statue_alley_a
Temple:   grunt_wide_crystal_templ
Lair:1:   layout_hall_layers
Lair:2:   layout_long_grid
Lair:3:   layout_cave_pods, enter_volcano_4, grunt_megastairs_2,
          serial_bayou_shore_b
Lair:4:   layout_cave_shapes, nicolae_swamp_entry_splash_gauntlet,
          minmay_snake_entry_guardpost_small, ebering_ghost_inner_flame,
          infiniplex_staircase_pool
Lair:5:   layout_regular_city
Lair:6:   grunt_lair_end_beastmaster, layout_loops_ring, slime_altar_1,
          nicolae_quartered_pool_little, minmay_lair_oklob_chamber,
          lemuel_fruit_fields, grunt_megastairs_4, lemuel_fruit_fields
Swamp:1:  layout_basic_swamp, infiniplex_staircase_pool_2
Snake:1:  layout_misc_corridors, nicolae_snake_lava_pool
Snake:2:  layout_chambers
Snake:3:  layout_cave_town, serial_bayou_pond_c, minmay_shop_grove,
          lemuel_fruit_tree, serial_bayou_shore_b, uniq_nikola, uniq_vashnia,
          uniq_aizul
Snake:4:  snake_pit, layout_misc_corridors, basic_altar,
          ebering_ghost_rock_garden
Orc:1:    cheibrodos_orc_guarddog, layout_caves
Orc:2:    st_orc_mages, layout_diamond_mine
Vaults:1: ontoclasm_vaults_bender, v_misc_19, v_misc_16, v_misc_19,
          nicolae_vaults_mini_display_case, v_misc_9, vaults_room_corners,
          vaults_dpeg_doors, layout_vaults_omnigrid, serial_shops,
          nicolae_shop_trees
Vaults:2: vaults_mumra_hex, v_misc_26, hangedman_vaults_nodes,
          nicolae_vaults_puzzle_piece, st_cross, nicolae_vaults_asterisk,
          vaults_room_boxed, vaults_room_grunt_arrival_ludios, v_misc_19,
          layout_vaults_ring, serial_shops, bzr_entry_islet, uniq_mennas,
          uniq_bai_suzhen, uniq_saint_roka

Skill      XL: |  1  2  3  4  5  6  7  8  9 10 11 12 13 14 15 16 17 |
---------------+----------------------------------------------------+-----
Earth Magic    | 4 5 6 7 9 11 12 14 15 16 18 20 21 | 21.0
Armour         | 1 2 |  2.8
Spellcasting   | 4 5 6 8 10 12 14 16 18 20 22 24 | 24.7
Conjurations   | 1 2 3 4 5 |  5.2
Short Blades   | 1 |  1.0
Fighting       | 1 6 10 | 10.0
Transmutations | 2 9 10 | 10.0
Evocations     | 1 |  1.0
Dodging        | |  2.4
Stealth        | |  2.4

Action                   |  1- 3 |  4- 6 |  7- 9 | 10-12 | 13-15 | 16-18 || total
-------------------------+-------+-------+-------+-------+-------+-------++-------
Melee: Hand axe          |    47 |    85 |       |       |       |       ||   132
       Dagger            |       |       |    16 |    14 |   217 |     3 ||   250
       Short sword       |       |       |       |     1 |       |       ||     1
       Rapier            |       |       |       |       |       |    64 ||    64
 Cast: Sandblast         |    41 |    47 |   122 |   120 |    70 |    13 ||   413
       Stone Arrow       |       |     5 |    62 |   180 |    64 |     5 ||   316
       Lee's Rapid Decon |       |       |     8 |    92 |    97 |   124 ||   321
       Iron Shot         |       |       |       |    77 |   386 |   240 ||   703
       Petrify           |       |       |       |     5 |    17 |     9 ||    31
       Statue Form       |       |       |       |     1 |    48 |    54 ||   103
       Shatter           |       |       |       |       |       |    32 ||    32
       Passwall          |       |       |       |       |       |     1 ||     1
       Lehudib's Crystal |       |       |       |       |       |     3 ||     3
 Abil: End Transformatio |       |       |       |       |    37 |    49 ||    86
       Stop Flying       |       |       |       |       |     2 |       ||     2
       Evoke Flight      |       |       |       |       |     2 |       ||     2
Evoke: Wand              |       |       |       |       |       |     1 ||     1
  Use: Scroll            |       |     7 |     5 |     9 |    15 |    19 ||    55
       Potion            |       |       |     7 |    19 |     7 |    14 ||    47
 Stab: Sleeping          |     5 |     1 |       |       |       |       ||     6
  Eat: Chunk             |     5 |     7 |    11 |    19 |    37 |     8 ||    87
       Ration            |       |       |     2 |     5 |    10 |    12 ||    29
Armor: Leather armour    |    16 |    36 |     3 |       |       |       ||    55
       Skin              |       |       |    11 |     4 |   420 |   237 ||   672
       Steam dragon scal |       |       |       |    25 |    21 |    19 ||    65
Dodge: Dodged            |    47 |    87 |    42 |   132 |   480 |   224 ||  1012
